 Dungeon Crawl Stone Soup version 0.30-a0-743-gbfdf073431 (webtiles) character file.

Game seed: 5234925252117520491

52 mopl the Gusty (level 3, 0/26 HPs)
             Began as a Draconian Air Elementalist on Feb 7, 2023.
             Killed from afar by Sigmund (11 damage)
             ... with a puff of flame
             ... on level 2 of the Dungeon.
             The game lasted 00:02:12 (1394 turns).

mopl the Gusty (Draconian Air Elementalist)         Turns: 1394, Time: 00:02:12

Health: 0/26       AC:  5    Str: 10    XL:     3   Next: 60%
Magic:  7/7        EV: 12    Int: 17    God:
Gold:   72         SH:  0    Dex: 11    Spells: 4/7 levels left

rFire   . . .      SeeInvis .    e - +1 dagger (flame)
rCold   . . .      Faith    .    (no shield)
rNeg    . . .      Spirit   .    (body armour unavailable)
rPois   .          Reflect  .    (helmet restricted)
rElec   .          Harm     .    (no cloak)
rCorr   .          Rampage  .    (no gloves)
Will    .....                    (no boots)
Stlth   ++                       (no amulet)
HPRegen 0.24/turn                (no ring)
MPRegen 0.10/turn                (no ring)

@: no status effects
A: AC +5, unfitting armour, cold-blooded
a: no special abilities


You were on level 2 of the Dungeon.
You visited 1 branch of the dungeon, and saw 2 of its levels.

You collected 72 gold pieces.

Inventory:

Hand Weapons
 e - a +1 dagger of flaming (weapon)
Missiles
 d - 6 poisoned darts
Scrolls
 b - 6 scrolls of teleportation {unknown}
 g - a scroll of vulnerability {unknown}
 h - 2 scrolls of identify {unknown}
 i - a scroll of fear {unknown}
 k - a scroll of noise {unknown}
Potions
 a - a potion of magic
 c - 2 potions of might {unknown}
 f - a potion of mutation {unknown}
 j - a potion of ambrosia {unknown}
 l - 2 potions of degeneration {unknown}


   Skills:
 - Level 1.7 Dodging
 - Level 1.7 Stealth
 + Level 2.6 Spellcasting
 + Level 2.1 Conjurations
 + Level 3.6 Air Magic


You had 4 spell levels left.
You knew the following spells:

 Your Spells              Type           Power      Damage    Failure   Level
a - Shock                 Conj/Air       48%        1d6       5%          1
b - Static Discharge      Conj/Air       24%        2-3/arc   9%          2

Your spell library contained the following spells:

 Spells                   Type           Power      Damage    Failure   Level
 Swiftness                Air            14%        N/A       12%         3
 Apportation              Tloc           4%         N/A       19%         1
 Sublimation of Blood     Necr           2%         N/A       26%         2
 Wereblood                Tmut           2%         N/A       26%         2
 Airstrike                Air            7%         2d(1-17)  38%         4
 Alistair's Intoxication  Tmut/Pois      1%         N/A       99%         5
 Summon Hydra             Summ           1%         N/A       100%        7


Dungeon Overview and Level Annotations

Branches:
Dungeon (2/15)

Altars:

Annotations:
D:2 Robin, Sigmund


Innate Abilities, Weirdness & Mutations

Your plain brown scales are hard. (AC +5)
You cannot fit into any form of body armour.
You are cold-blooded and may be slowed by cold attacks.


Message History

Things that are here:
a +0 dagger; a goblin corpse An endoplasm comes into view.
An endoplasm is nearby!
Found 3 scrolls labelled TURGHI LOCOTHO.
The helpless endoplasm fails to defend itself.
You hit the endoplasm. You burn the endoplasm.
You kill the endoplasm!
No target in view!
No target in view!
No target in view!
No target in view!
No target in view!
No target in view!
No target in view!
b - 6 scrolls labelled TURGHI LOCOTHO (gained 3)
Found a quarterstaff.
Found a stone staircase leading down.
There is a stone staircase leading down here.
You see here a +0 ring mail.
There is a stone staircase leading down here.
You see here a +0 dagger.
Sigmund the Dreaded comes into view.
He is wielding a +0 scythe, wearing a +2 robe of resistance and carrying a wand of polymorph (9).
Sigmund shouts!
Sigmund hits you with a +0 scythe.
You hit Sigmund.
You tail-slap Sigmund, but do no damage.
Sigmund is lightly wounded.
Sigmund casts a spell at you. You resist with significant effort.
You hit Sigmund but do no damage. You tail-slap Sigmund.
Sigmund is lightly wounded.
Sigmund hits you with a +0 scythe!
You aren't carrying any items that you can evoke.
Unknown command.
Okay, then.
Sigmund casts a spell at you. The puff of flame misses you.
Sigmund gestures at you while chanting. The puff of flame hits you!
You die...

#.##.#####.#
####.##.#.....###### ###
...........>............
........#....#########.#
##.#.####..#.# #.#
.......##..#.# #.#
##.#.#.##..#.# #.#
#.....##..#.#########.###
####.#.##..#)...@...@....#
.....#.##..###############
######.#.................#
.....#.#..#############.##
.###.#.#..# #.#
[..#.#.#..# #.#
.....#....# #.#
#..###>.#.# #.#
........).# #.#


You could see Sigmund.

Vanquished Creatures
  An adder (D:2)
  5 ball pythons
  An endoplasm (D:2)
  2 giant cockroaches
  10 goblins (D:2)
  4 hobgoblins (D:2)
  2 jackals (D:1)
  4 kobolds
  3 quokkas
  2 bats
  4 frilled lizards
38 creatures vanquished.

Vanquished Creatures (others)
  A goblin (D:2)
1 creature vanquished.

Grand Total: 39 creatures vanquished

Notes
Turn   | Place    | Note
-------+----------+-------------------------------------------
     0 | D:1      | mopl the Draconian Air Elementalist began the quest for the
                  | Orb.
     0 | D:1      | Reached XP level 1. HP: 14/14 MP: 3/3
   335 | D:1      | Reached XP level 2. HP: 20/20 MP: 1/5
   338 | D:1      | Learned a level 2 spell: Static Discharge
   753 | D:2      | Noticed Robin
   851 | D:2      | Reached XP level 3. HP: 24/26 MP: 3/6
   912 | D:2      | Reached skill level 2 in Conjurations
  1385 | D:2      | Noticed Sigmund
  1394 | D:2      | Killed from afar by Sigmund

Illustrated notes

Levels and vault maps discovered:
D:1:      wander_arrival_fairy_ring, layout_basic
D:2:      layout_basic, uniq_sigmund, uniq_robin

Skill      XL: |  1  2  3 |
---------------+----------+-----
Conjurations   | 2 |  2.1
Dodging        | |  1.7
Stealth        | |  1.7
Spellcasting   | |  2.6
Air Magic      | |  3.6

Action                     || total
---------------------------++-------
  Melee: Unarmed           ||    52
         Tailslap          ||     5
         Dagger            ||    20
         Punch             ||     1
   Cast: Shock             ||    49
   Stab: Sleeping          ||     2
 Armour: Skin              ||    33
  Dodge: Dodged            ||    79

Table legend: (Time is in decaauts)
 A = Elapsed time spent in this place.
 B = Non-inter-level travel time spent in this place.
 C = Inter-level travel time spent in this place.
 D = Time resting spent in this place.
 E = Time spent auto-exploring this place.
 F = Levels seen in this place.
 G = Mean time per level.
                   A        B        C        D        E       F      G
               +--------+--------+--------+--------+--------+-----+--------+
         Total |   1394 |   1336 |     58 |     75 |    994 |   2 |  697.0 |
       Dungeon |   1394 |   1336 |     58 |     75 |    994 |   2 |  697.0 |
               +--------+--------+--------+--------+--------+-----+--------+

Top non-repeatable levels by time:
     D:2: 723 daAuts
     D:1: 671 daAuts
